Map: Eternal Empire LE

Players

Bunny

  • Race: Terran Terran
  • League: Diamond
  • Spawn Location: 1:00

Kììì - Winner!

  • Race: Protoss Protoss
  • League: Master
  • Spawn Location: 7:00

VOD

Have the link to the VOD?

Description

Time

  • Played on: Aug. 31, 2020, 1:53 a.m.
  • Length: 5:57
Show
View Real Time Build Order
Export as new Build Order

Bunny Terran 

Build Orders: 1/1/1 

Get SALT Encoding   

  12  0:00  SCV  
  13  0:12  SCV  
  14  0:17  Supply Depot  
  14  0:24  SCV  
  15  0:29  Refinery  
  15  0:41  Barracks  
  15  0:44  SCV  
  16  0:53  Refinery  
  16  0:57  SCV  
  17  1:09  SCV  
  18  1:21  SCV  
  19  1:29  Factory  
  19  1:34  Barracks Reactor  
  19  1:40  Orbital Command  
  19  1:53  Supply Depot  
  19  2:09  SCV  
  20  2:19  Starport  
  20  2:21  Hellion  
  23  2:24  Hellion  
  24  2:32  SCV  
  24  2:35  Barracks Tech Lab  
  24  2:42  Hellion  
  26  2:46  Hellion  
  28  2:52  Supply Depot  
  28  2:55  Medivac  
  30  3:14  Marauder  
  30  3:17  Barracks  
  32  3:24  Widow Mine  
  32  3:25  Concussive Shells  
  34  3:45  Marauder  
  28  4:25  Marine  
  28  4:26  Marine, Marauder  
  28  4:27  Combat Shield  
  28  4:30  Factory Tech Lab  
  32  4:40  Medivac  
  32  4:43  Marine x2  
  36  4:48  Marauder  
  38  4:54  Supply Depot  
  38  4:59  Siege Tank  
  40  5:11  SCV  
  36  5:21  Marine x2  
  30  5:23  SCV  
  31  5:35  SCV  
Show
View Real Time Build Order
Export as new Build Order

Kììì Protoss - Winner!

Build Orders: Oracle Opening 

Get SALT Encoding   

  12  0:00  Probe  
  13  0:15  Pylon  
  13  0:19  Probe  
  14  0:31  Probe  
  14  0:35  Gateway  
  15  0:43  Probe  
  16  0:55  Probe  
  17  0:58  Assimilator  
  17  1:03  Gateway  
  17  1:07  Probe  
  17  1:09  Assimilator  
  18  1:19  Probe  
  19  1:27  Cybernetics Core  
  19  1:31  Probe (Chrono Boost)  
  20  1:37  Pylon  
  20  1:44  Probe (Chrono Boost)  
  21  1:52  Probe (Chrono Boost)  
  22  2:01  Stalker (Chrono Boost)  
  22  2:02  Stalker (Chrono Boost)  
  26  2:15  Pylon  
  26  2:19  Warp Gate  
  26  2:23  Adept x2  
  30  2:41  Nexus  
  30  2:59  Stargate  
  30  3:01  Pylon  
  30  3:05  Probe  
  31  3:17  Probe  
  32  3:29  Probe, Gateway  
  32  3:46  Gateway  
  32  3:48  Pylon  
  32  3:50  Gateway  
  32  3:51  Oracle  
  30  4:18  Stalker x2  
  29  4:25  Oracle (Chrono Boost)  
  32  4:41  Adept  
  32  4:42  Adept  
  36  4:46  Adept  
  29  5:53  Stalker x3  
  29  5:54  Stalker  
Tags
 
Add a new tag
Caveats
  • Supply blocks, unpowered buildings, or Contaminate may cause inaccurate times.
  • Supply counts are checked every 10 seconds.